 Dungeon Crawl Stone Soup version 0.22.0-49-gab54619674 (webtiles) character file.

11 Jannitor the Ducker (level 2, 0/24 HPs)
             Began as a Spriggan Abyssal Knight on Sept 5, 2018.
             Was an Initiate of Lugonu.
             Slain by a goblin
             ... wielding a +4 dagger of venom
              (2 damage)
             ... on level 1 of the Dungeon.
             The game lasted 00:01:35 (365 turns).

Jannitor the Ducker (Spriggan Abyssal Knight)        Turns: 365, Time: 00:01:37

Health: 0/24       AC:  2    Str: 13    XL:     2   Next: 13%
Magic:  4/4        EV: 19    Int: 13    God:    Lugonu [......]
Gold:   26         SH:  0    Dex: 19    Spells: 1/1 levels left

rFire    . . .     SeeInvis +   a - +1 short sword
rCold    . . .     Gourm    .   (shield restricted)
rNeg     . . .     Faith    .   b - +0 robe
rPois    .         Spirit   .   (helmet restricted)
rElec    .         Reflect  .   (no cloak)
rCorr    .         Harm     .   (gloves unavailable)
MR       .....                  (boots unavailable)
Stlth    ..........             (no amulet)
HPRegen  0.08/turn              (no ring)
MPRegen  0.09/turn              (no ring)

@: berserking, lethally poisoned (0 -> -20), very quick
A: very small, unfitting armour, thin skeletal structure 1, see invisible, agile
1, herbivore, speed 3, slow metabolism 2
a: Renounce Religion


You were on level 1 of the Dungeon.
You worshipped Lugonu.
Lugonu was noncommittal.
You were not hungry.

You visited 1 branch of the dungeon, and saw 1 of its levels.
You visited the Abyss 1 time.

You collected 26 gold pieces.

Inventory:

Hand Weapons
 a - a +1 short sword (weapon)
Armour
 b - a +0 robe (worn)
Wands
 e - a wand of random effects (22)
Scrolls
 d - a scroll of teleportation {unknown}
 g - a scroll of remove curse {unknown}
Comestibles
 c - 2 rations


   Skills:
 + Level 2.5 Fighting
 + Level 2.4 Short Blades
 + Level 3.8 Dodging
 + Level 0.9 Stealth
 + Level 2.0 Invocations


You had one spell level left.
You didn't know any spells.
Your spell library contained the following spells:

 Spells                   Type           Power        Failure   Level  Hunger
 Infusion                 Chrm           #...         30%         1    ##.....
 Shroud of Golubria       Chrm/Tloc      #.........   43%         2    ###....
 Song of Slaying          Chrm           #.......     43%         2    ###....
 Regeneration             Chrm/Necr      #.........   67%         3    ####...
 Spectral Weapon          Hex/Chrm       #.......     67%         3    ####...


Dungeon Overview and Level Annotations

Branches:
Dungeon (1/15)

Altars:


Innate Abilities, Weirdness & Mutations

You are very small and have problems with some larger weapons.
You are too small for most types of armour.
You have supernaturally acute eyesight. (SInv)
You are a herbivore.
You cover ground extremely quickly.
You need to consume almost no food.
You have a somewhat thin skeletal structure. (Dex +2, Stealth)
You are agile. (Dex +2)


Message History

There is a stone staircase leading down here.
Found a scroll labeled PAWNI YCSOQUPH.
Found a stone staircase leading down.
The goblin shouts!
Found a fuming golden potion.
The goblin hits you with a dagger of venom.
You are lethally poisoned!
You miss the goblin.
You feel sick.
The goblin hits you with a dagger of venom.
* * * LOW HITPOINT WARNING * * *
You are more poisoned.
You are too injured to fight recklessly!
* * * LOW HITPOINT WARNING * * *
You feel sick.
It was a potion of berserk rage.
A red film seems to cover your vision as you go berserk!
You feel yourself moving faster!
You feel mighty!
* * * LOW HITPOINT WARNING * * *
You feel sick.
The goblin hits you with a dagger of venom.
You die...

#...........####.# ...#
#.................
.......#....#####....##'#
.......#.......##....#...
......#.......+....†+...
......#.......##....#...
###...#.......#.........
#.........>...#.....#...
+#+#....@..#........)....
.......g..##......##.###.
...?......##.......#.....
..........##.#........##.
.........>##.#...........
...............#......##.
...#....####.#...........
..!...... ............##.
......... .#.............


You could see a goblin.

Vanquished Creatures
  A dart slug (D:1)
  A giant cockroach (D:1)
  A goblin (D:1)
  2 hobgoblins (D:1)
  A bat (D:1)
  3 rats (D:1)
9 creatures vanquished.

Notes
Turn   | Place    | Note
-------+----------+-------------------------------------------
     0 | Abyss:1  | Jannitor the Spriggan Abyssal Knight began the quest for
                  | the Orb.
     0 | Abyss:1  | Reached XP level 1. HP: 11/11 MP: 3/3
     8 | Abyss:1  | Found a corrupted altar of Lugonu.
    12 | Abyss:2  | Found a stormy altar of Qazlal.
    45 | Abyss:2  | Noticed a large abomination
    48 | Abyss:2  | Noticed an ancient zyme
    67 | Abyss:2  | Noticed a ynoxinul
    78 | Abyss:2  | Noticed a small abomination
   129 | Abyss:3  | Noticed a small abomination
   161 | Abyss:3  | Noticed a long sword of holy wrath
   188 | Abyss:3  | Noticed a small abomination
   214 | Abyss:3  | Noticed a blink frog
   215 | Abyss:3  | Noticed a large abomination
   216 | Abyss:3  | Noticed a crimson imp
   217 | Abyss:3  | Noticed a smoke demon
   217 | Abyss:3  | Noticed a blink frog
   223 | Abyss:3  | Gained mutation: You are agile. (Dex +2) [potion of
                  | mutation]
   223 | Abyss:3  | Gained mutation: You have a somewhat thin skeletal
                  | structure. (Dex +2, Stealth) [potion of mutation]
   224 | D:1      | Escaped the Abyss
   296 | D:1      | Reached XP level 2. HP: 16/16 MP: 4/4
   365 | D:1      | Slain by a goblin

Skill      XL: |  1 |
---------------+----+-----
Invocations    | 2 |  2.0
Fighting       | |  2.5
Short Blades   | |  2.4
Dodging        | |  3.8
Stealth        | |  0.9

Action                   || total
-------------------------++-------
Melee: Short sword       ||    25
Invok: Depart the Abyss  ||     1
  Use: Potion            ||     2
 Stab: Sleeping          ||     1
Armor: Robe              ||     2
Dodge: Dodged            ||    20
